 Dungeon Crawl Stone Soup version 0.20-b1-2-gc5a9893 (webtiles) character file.

262 Gorglomux the Chopper (level 6, 0/84 HPs)
             Began as a Hill Orc Monk on May 21, 2017.
             Succumbed to a worker ant's poison
             ... on level 4 of the Dungeon.
             The game lasted 00:04:18 (3305 turns).

Gorglomux the Chopper (Hill Orc Monk)               Turns: 3305, Time: 00:04:19

Health: 0/84       AC: 23    Str: 14    XL:     6   Next: 18%
Magic:  15/15      EV:  2    Int: 10    God:
Gold:   175        SH:  0    Dex: 15    Spells: 5/5 levels left

rFire    . . .     SeeInvis .   a - +0 hand axe
rCold    . . .     Gourm    .   (no shield)
rNeg     + + +     Faith    .   (armour currently unavailable)
rPois    +         Spirit   .   (helmet currently unavailable)
rElec    .         Reflect  .   (cloak currently unavailable)
rCorr    .         Harm     .   (gloves currently unavailable)
MR       .....     NoTele   +   (boots currently unavailable)
Stlth    ++........             (no amulet)
Regen    0.3/turn               e - ring of magical power {MP+9}
MPRegen  0.2/turn               (no ring)

@: lethally poisoned (0 -> -4), tree-form, hasted, very quick
A: no striking features
a: no special abilities


You were on level 4 of the Dungeon.
You were not hungry.
You were a tree.
You visited 1 branch of the dungeon, and saw 4 of its levels.

You collected 175 gold pieces.

Inventory:

Hand Weapons
 a - a +0 hand axe (weapon)
Armour
 b - a +0 robe
 m - a +0 leather armour
   (You found it on level 1 of the Dungeon)
 t - a +0 ring mail (melded)
   (You found it on level 2 of the Dungeon)
Jewellery
 e - a ring of magical power (left branch) {MP+9}
   (You found it on level 1 of the Dungeon)
Scrolls
 f - 2 scrolls of magic mapping {unknown}
 g - 2 scrolls of enchant armour {unknown}
 h - a scroll of blinking {unknown}
 i - a scroll of remove curse {unknown}
 j - a scroll of fog {unknown}
 k - 3 scrolls of teleportation
 l - 4 scrolls of identify {unknown}
 o - a scroll of noise {unknown}
Potions
 q - a potion of haste
 u - 2 potions of berserk rage {unknown}
 v - a potion of resistance {unknown}
 w - a potion of magic {unknown}
 x - a potion of agility {unknown}
Comestibles
 c - 4 bread rations {@e1}
 d - 2 meat rations {@e2}
 p - 2 royal jellies


   Skills:
 + Level 5.6 Fighting
 * Level 7.5 Axes
 - Level 2.4 Dodging
 - Level 1.5 Stealth


You had 5 spell levels left.
You didn't know any spells.

Dungeon Overview and Level Annotations

Branches:
Dungeon (4/15)
 Temple: D:4-7

Altars:
The Shining One

Shops:
D:4 :


Message History

The orc wizard hits you but does no damage.
You hit the orc wizard.
You feel sick.
The orc wizard mumbles some strange words.
The orc wizard blinks!
You feel sick.
The orc wizard gestures at you while chanting.
You resist with some effort.
The orc wizard gestures wildly while chanting.
The orc wizard blinks!
The orc wizard points at you and mumbles some strange words.
You resist with some effort.
You feel sick.
The orc wizard hits you but does no damage.
The orc wizard mumbles some strange words.
The orc wizard blinks!
The orc wizard casts a spell.
The orc wizard blinks!
You feel sick.
The orc wizard gestures at you while chanting.
The magic dart hits you!
* * * LOW HITPOINT WARNING * * *
You feel sick.
The orc wizard hits you but does no damage.
You are lethally poisoned!
It was a potion of curing.
You feel better.
The orc wizard hits you with a dagger of venom.
You are poisoned.
The orc wizard closely misses you.
You closely miss the orc wizard.
You feel sick. The orc wizard barely misses you.
You hit the orc wizard. x2
You kill the orc wizard!
You have reached level 6!
Your experience leads to an increase in your attributes!
Increase (S)trength, (I)ntelligence, or (D)exterity?
You feel agile.
You feel sick.
The orc wizard hits you but does no damage.
You are more poisoned.
The orc wizard closely misses you.
You closely miss the orc wizard.
You feel sick. The orc wizard closely misses you.
You completely miss the orc wizard.
You feel sick.
The orc wizard hits you but does no damage.
You are lethally poisoned!
You slash the orc wizard!
You kill the orc wizard!
* * * LOW HITPOINT WARNING * * *
You feel sick.
Unknown command.
A worker ant comes into view.
* * * LOW HITPOINT WARNING * * *
You feel sick.
Things that are here:
a dagger of venom; a robe; an orc corpse Unknown command.
* * * LOW HITPOINT WARNING * * *
You feel sick.
* * * LOW HITPOINT WARNING * * *
You feel sick.
Things that are here:
a dagger of venom; a robe; an orc corpse It was a potion of haste.
You feel yourself speed up.
* * * LOW HITPOINT WARNING * * *
You feel sick.
You feel better.
You hit the worker ant. The worker ant closely misses you.
You hit the worker ant but do no damage.
The worker ant bites you.
You hit the worker ant but do no damage.
You hit the worker ant. The worker ant bites you.
You hit the worker ant but do no damage.
The worker ant bites you.
* * * LOW HITPOINT WARNING * * *
You are poisoned.
The worker ant poisons you!
You closely miss the worker ant.
You feel sick.
You hit the worker ant. The worker ant bites you.
* * * LOW HITPOINT WARNING * * *
You hit the worker ant but do no damage.
The worker ant bites you.
* * * LOW HITPOINT WARNING * * *
You closely miss the worker ant.
The worker ant bites you but does no damage.
You hit the worker ant but do no damage.
You feel sick.
You hit the worker ant. The worker ant bites you.
* * * LOW HITPOINT WARNING * * *
You are lethally poisoned!
The worker ant poisons you!
You hit the worker ant but do no damage.
The worker ant bites you.
* * * LOW HITPOINT WARNING * * *
You hit the worker ant.
* * * LOW HITPOINT WARNING * * *
You feel sick.
Unknown command.
It was a potion of lignification.
You turn into a tree.
Your +0 ring mail melds into your body.
Your roots penetrate the ground.
You die...

#.# #....$...# ##.######
#........# ........#
#........# ........#
#........### ........#
#..).......#### ........#
#....).>.#..... ....#.###
#....).......#
....#..#########.)...##
..........#####.♣a....#
...#............###.#.....
...#.......####.# .# ....
...#........# #.# .? ...
.#.#).......# #.# #.. ..
.#.##..###......#####.. .
...###.##..........##...
.. ##.#
#.##.....(.....#.>.....
#..# #.###.##............
......##..#


You could see a worker ant.

Vanquished Creatures
  2 orc wizards (D:4)
  A worker ant (D:4)
  6 adders
  3 oozes
  An adder skeleton (D:4)
  4 worms
  3 dart slugs
  2 leopard geckos
  10 orcs (D:4)
  2 ball pythons
  5 giant cockroaches
  6 goblins
  7 hobgoblins
  8 jackals
  8 kobolds
  2 quokkas
  7 bats
  6 frilled lizards
  4 rats
87 creatures vanquished.

Notes
Turn   | Place    | Note
-------+----------+-------------------------------------------
     0 | D:1      | Gorglomux the Hill Orc Monk began the quest for the Orb.
     0 | D:1      | Reached XP level 1. HP: 19/19 MP: 1/1
   284 | D:1      | Reached XP level 2. HP: 19/27 MP: 2/2
   604 | D:1      | Reached skill level 4 in Fighting
   838 | D:2      | Reached XP level 3. HP: 33/33 MP: 3/3
   865 | D:2      | Reached skill level 5 in Axes
   944 | D:2      | HP: 8/34 [poisoned by an adder]
   952 | D:2      | HP: 7/34 [poisoned by an adder]
  1240 | D:2      | HP: 5/34 [worm (5)]
  1518 | D:2      | Reached XP level 4. HP: 16/41 MP: 4/4
  2503 | D:2      | Reached skill level 6 in Axes
  2524 | D:3      | Reached XP level 5. HP: 41/47 MP: 5/5
  2526 | D:3      | Reached skill level 5 in Fighting
  2617 | D:3      | Found a glowing golden altar of the Shining One.
  2811 | D:3      | Noticed a water moccasin
  2951 | D:4      | Found Efa Imm's Book Shoppe.
  3024 | D:4      | Reached skill level 7 in Axes
  3278 | D:4      | HP: 12/48 [orc wizard/magic dart (6)]
  3282 | D:4      | Reached XP level 6. HP: 20/56 MP: 6/6
  3287 | D:4      | HP: 13/56 [poisoned by an orc wizard]
  3296 | D:4      | HP: 14/56 [poisoned by a worker ant]
  3300 | D:4      | HP: 6/56 [poisoned by a worker ant]
  3302 | D:4      | HP: 1/56 [worker ant (3)]
  3305 | D:4      | Succumbed to a worker ant's poison

Skill      XL: |  1  2  3  4  5 |
---------------+----------------+-----
Fighting       | 4 5 |  5.6
Axes           | 5 6 7 |  7.5
Dodging        | |  2.4
Stealth        | |  1.5

Action                   |  1- 3 |  4- 6 || total
-------------------------+-------+-------++-------
Melee: Hand axe          |   118 |   225 ||   343
  Use: Potion            |     1 |     4 ||     5
       Scroll            |       |     1 ||     1
 Stab: Sleeping          |     4 |     1 ||     5
  Eat: Chunk             |     1 |     7 ||     8
Armor: Robe              |     2 |       ||     2
       Leather armour    |    16 |    16 ||    32
       Ring mail         |       |    47 ||    47
Dodge: Dodged            |    69 |   143 ||   212

Vault maps used:
D:1:      minmay_arrival_wavy_path, minmay_misc_feat_hallway,
          grunt_decor_mini_mirrors, hangedman_decor_peaks_small
D:2:      wad_lake_hut, first_bread
D:3:      grunt_ministairs_2, nicolae_tso_swordbearing_angel, uniq_terence
D:4:      serial_shops, shop

Table legend:
 A = Turns spent in this place as a percentage of turns spent in the entire game.
 B = Non-inter-level travel turns spent in this place as a percentage of non-inter-level travel turns spent in the entire game.
 C = Inter-level travel turns spent in this place as a percentage of turns spent in this place.
 D = Turns resting spent in this place as a percentage of non-inter-level travel turns spent in this place.
 E = Turns spent auto-exploring this place as a percentage of non-inter-level travel turns spent in this place.
 F = Non-inter-level travel turns spent in this place divided by the number of levels of this place that you've seen.
                   A       B       C       D       E      F
               +-------+-------+-------+-------+-------+----------------------
         Total | 100.0 | 100.0 |   0.5 |   2.1 |   6.8 | 321.2
       Dungeon | 100.0 | 100.0 |   0.5 |   2.1 |   6.8 | 321.2
               +-------+-------+-------+-------+-------+----------------------

Table legend:
 A = Kills in this place as a percentage of kills in entire the game.
 B = Kills by you in this place as a percentage of kills by you in the entire game.
 C = Kills by friends in this place as a percentage of kills by friends in the entire game.
 D = Other kills in this place as a percentage of other kills in the entire game.
 E = Experience gained in this place as a percentage of experience gained in the entire game.
 F = Experience gained in this place divided by the number of levels of this place that you have seen.
                   A       B       C       D       E      F
               +-------+-------+-------+-------+-------+----------------------
         Total | 100.0 | 100.0 |  -nan |  -nan | 100.0 |  93.8
       Dungeon | 100.0 | 100.0 |  -nan |  -nan | 100.0 |  93.8
               +-------+-------+-------+-------+-------+----------------------
